 Dungeon Crawl Stone Soup version 0.18-a0-1670-gb40d73e (webtiles) character file.

3516 Chiseanne the Fighter (level 9, -19/112 HPs)
             Began as a Demonspawn Wanderer on Apr 1, 2016.
             Was an Initiate of Gozag.
             Demolished by a large abomination (26 damage)
             ... on level 1 of the Abyss.
             The game lasted 00:33:18 (7948 turns).

Chiseanne the Fighter (Demonspawn Wanderer)         Turns: 7948, Time: 00:33:18

Health: -19/112    AC: 24    Str: 20    XL:     9   Next: 81%
Magic:  9/9        EV:  2    Int: 16    God:    Gozag
Gold:   310        SH:  0    Dex: 11    Spells: 0 memorised, 8 levels left

rFire  . . .     SeeInvis .     k - +1 quarterstaff "Upsup" {freeze, rN+ MR- Str+8} (curse)
rCold  + . .     Gourm    .     (armour currently unavailable)
rNeg   + + +     Faith    .     (shield currently unavailable)
rPois  +         Spirit   .     (helmet currently unavailable)
rElec  .         Dismiss  .     (cloak currently unavailable)
rCorr  +         Reflect  .     (gloves currently unavailable)
SustAt .         Harm     .     (boots currently unavailable)
MR     .....     NoTele   +     (no amulet)
Stlth  +.........               j - ring of protection from cold
                                i - ring of resist corrosion

@: tree-form, not resistant to hostile enchantments, very unstealthy
A: (antennae 0), rough black scales 3, mutation resistance 1, powered by death 1
a: Potion Petition, Call Merchant, Bribe Branch, Renounce Religion


You were on level 1 of the Abyss.
You worshipped Gozag.
Gozag was noncommittal.
You were not hungry.
You were a tree.
You visited 2 branches of the dungeon, and saw 8 of its levels.
You visited the Abyss 1 time.
You also visited: Ossuary.

You collected 1181 gold pieces.
You spent 409 gold pieces at shops.
You paid 462 gold pieces to Gozag.

Inventory:

Hand Weapons
 a - a +2 antimagic spear
 k - the cursed +1 quarterstaff "Upsup" (weapon) {freeze, rN+ MR- Str+8}
   (You found it on level 6 of the Dungeon)

   It has been specially enchanted to freeze those struck by it, causing extra
   injury to most foes and up to half again as much damage against particularly
   susceptible opponents.
   It can also slow down cold-blooded creatures.
   It affects your strength (+8).
   It protects you from negative energy.
   It affects your resistance to hostile enchantments.
   It has a curse placed upon it.
 s - a +1 flail of venom
 w - a +0 blowgun
 F - a +2 falchion of freezing
 K - a +3 morningstar
 M - a +1 morningstar
 T - a +2 dagger of venom
 W - a +4 blowgun
 X - a +1 trident of piercing
Missiles
 b - 4 throwing nets {!*}
 e - 40 bolts
 g - 8 tomahawks (quivered)
 l - 21 arrows of dispersal
 n - 64 poisoned needles
 p - 121 arrows
 B - 44 sling bullets
 P - 2 javelins
Armour
 R - a +0 shield
 V - a +4 chain mail of fire resistance (melded)
Magical Staves
 D - an uncursed staff of summoning {unknown}
Jewellery
 i - a ring of resist corrosion (left branch)
 j - a ring of protection from cold (right branch)
 o - an uncursed ring of flight
 E - an uncursed ring of see invisible
 S - an uncursed amulet of harm {unknown}
Wands
 m - a wand of polymorph (0/24)
Scrolls
 c - 7 scrolls of teleportation
 h - a scroll of identify
 u - 5 scrolls of magic mapping
 y - 4 scrolls of enchant weapon
 J - a scroll of blinking
Potions
 q - a potion of invisibility {unknown}
 r - 2 potions of ambrosia
 t - a potion of magic {unknown}
 x - 3 potions of resistance
 z - a potion of flight {unknown}
 A - a potion of might {unknown}
 C - a potion of experience {unknown}
 H - a potion of brilliance {unknown}
 I - 2 potions of mutation
 L - 2 potions of agility
 O - 2 potions of haste {unknown}
 U - 2 potions of cancellation {unknown}
Books
 G - a book of Debilitation

   Spells                             Type                      Level
   a - Corona                         Hexes                        1
   b - Slow                           Hexes                        2
   c - Gell's Gravitas                Hexes/Translocation          3
   d - Inner Flame                    Hexes/Fire                   3
   e - Cause Fear                     Hexes                        4
   f - Leda's Liquefaction            Hexes/Earth                  4


   Skills:
 * Level 8.4 Fighting
   Level 1.0 Crossbows
 - Level 1.0 Throwing
 * Level 7.5 Armour
 * Level 7.4 Dodging
 - Level 1.0 Shields
 - Level 2.6 Unarmed Combat


You had 8 spell levels left.
You didn't know any spells.

Dungeon Overview and Level Annotations

Branches:
Dungeon (7/15)             Temple (1/1) D:7

Altars:
Dithmenos
Elyvilon
Fedhas
Gozag
Kikubaaqudgha
Makhleb
Okawaru
Pakellas
Qazlal
Ru
Sif Muna
Vehumet
Zin
The Shining One

Shops:
D:7 [

Annotations:
D:7 Joseph


Innate Abilities, Weirdness & Mutations

((You have a pair of small antennae on your head.))
(You are completely covered in rough black scales (AC +10, Dex -3).)
You regenerate a little health from kills.
You are somewhat resistant to further mutation.


Message History

The large abomination hits you but does no damage.
The quasit bites you but does no damage.
The quasit claws you but does no damage.
The quasit barely misses you.
You hit the large abomination. You freeze the large abomination.
The large abomination is lightly damaged.
The quasit bites you but does no damage.
The quasit claws you but does no damage. x2
The large abomination hits you!
* * * LOW HITPOINT WARNING * * *
You hit the large abomination. You freeze the large abomination.
The large abomination is moderately damaged.
The quasit bites you but does no damage.
The quasit barely misses you.
The quasit claws you but does no damage.
The quasit bites you but does no damage.
The quasit claws you but does no damage. x2
The large abomination hits you!!
You die...
Your body crumbles into a pile of gold.

.## # # #... ..
#...... ......
##### . .
#♣X.## #...#..
##5##...# ..
###x...#....§..
##...........
... #.
............
.... ## .......
.....# ..... .
#[..
.(....#§#### ..
...... ....#§#
#.#.


You could see a large abomination, a small abomination and a quasit.

Vanquished Creatures
  A hungry ghost (D:7)
  Menkaure (Ossuary)
  A sky beast (D:5)
  2 ice beasts (D:6)
  An ogre (D:6)
  A phantom (D:6)
  2 centaurs
  3 big kobolds
  An elf zombie (Ossuary)
  4 giant frogs
  A water moccasin zombie (D:6)
  A scorpion (D:7)
  5 killer bees (D:7)
  A troll zombie (Ossuary)
  11 wights
  2 crimson imps (D:6)
  4 orc priests
  2 hounds (D:4)
  A human zombie (Ossuary)
  7 orc wizards
  2 iguanas (D:7)
  7 worker ants
  Terence (D:1)
  4 ogre zombies (Ossuary)
  A hound zombie (D:7)
  3 hound skeletons
  6 mummies (Ossuary)
  3 gnolls (D:4)
  A howler monkey skeleton (D:7)
  14 adders
  2 oozes
  2 adder skeletons
  8 adder zombies
  3 worms
  2 dart slugs (D:1)
  A giant gecko (D:3)
  33 orcs
  4 giant cockroaches
  4 hobgoblins
  7 jackals
  23 kobolds
  3 quokkas
  2 ball pythons (D:3)
  A ball python skeleton (D:4)
  2 bats
  A giant gecko skeleton (D:6)
  8 giant newts
  11 goblins
  3 goblin zombies (Ossuary)
  8 hobgoblin zombies (Ossuary)
  An orc zombie (Ossuary)
  A quokka skeleton (D:6)
  A quokka zombie (Ossuary)
  10 rats
  3 rat zombies (Ossuary)
  A bush (D:1)
239 creatures vanquished.

Notes
Turn   | Place    | Note
--------------------------------------------------------------
     0 | D:1      | Chiseanne the Demonspawn Wanderer began the quest for the Orb.
     0 | D:1      | Chiseanne set off with: a +0 leather armour, 2 throwing nets, a scroll of teleportation, a potion of curing, a +0 club, a bread ration
     0 | D:1      | Reached XP level 1. HP: 16/16 MP: 1/1
   185 | D:1      | Gained mutation: You are partially covered in rough black scales (AC +4, Dex -1). [demonic ancestry]
   185 | D:1      | Reached XP level 2. HP: 16/22 MP: 2/2
   984 | D:2      | Noticed Terence
  1004 | D:1      | Killed Terence
  1004 | D:1      | Reached XP level 3. HP: 28/28 MP: 3/3
  1373 | D:2      | Gained mutation: You are mostly covered in rough black scales (AC +7, Dex -2). [demonic ancestry]
  1373 | D:2      | Reached XP level 4. HP: 23/34 MP: 4/4
  1678 | D:2      | Found a burning altar of Makhleb.
  1680 | D:2      | Noticed a green death
  2067 | D:3      | Reached skill level 3 in Fighting
  2178 | D:3      | Gained mutation: You have a pair of small antennae on your head. [demonic ancestry]
  2178 | D:3      | Reached XP level 5. HP: 8/41 MP: 1/5
  3196 | D:4      | Reached XP level 6. HP: 34/48 MP: 2/6
  3328 | D:4      | Reached skill level 4 in Fighting
  3667 | D:4      | HP: 1/48 [worker ant (2)]
  4685 | D:5      | Entered Level 5 of the Dungeon
  4699 | D:5      | Gained mutation: You regenerate a little health from kills. [demonic ancestry]
  4699 | D:5      | Reached XP level 7. HP: 42/55 MP: 7/7
  4952 | D:5      | Found an opulent altar of Gozag.
  4968 | D:5      | Became a worshipper of Gozag Ym Sagoz the Greedy
  5123 | D:5      | Reached skill level 5 in Fighting
  5173 | D:6      | Got a warped quarterstaff
  5177 | D:6      | Identified the cursed +1 quarterstaff "Upsup" {freeze, rN+ MR- Str+8} (You found it on level 6 of the Dungeon)
  5286 | D:6      | Found a sand-covered staircase.
  5310 | Ossuary  | Entered an ossuary
  5404 | Ossuary  | Gained mutation: You are completely covered in rough black scales (AC +10, Dex -3). [demonic ancestry]
  5404 | Ossuary  | Reached XP level 8. HP: 53/64 MP: 8/8
  5415 | Ossuary  | Reached skill level 5 in Armour
  5665 | Ossuary  | Reached skill level 6 in Fighting
  5689 | Ossuary  | Reached skill level 5 in Dodging
  5700 | Ossuary  | Noticed Menkaure
  5720 | Ossuary  | Gained mutation: You are somewhat resistant to further mutation. [potion of mutation]
  5726 | Ossuary  | Killed Menkaure
  6326 | D:6      | Reached skill level 7 in Fighting
  6339 | D:6      | Reached XP level 9. HP: 56/72 MP: 9/9
  6710 | D:7      | Bought a +4 chain mail of fire resistance for 409 gold pieces
  6782 | D:7      | Found a blossoming altar of Fedhas.
  6890 | D:7      | Found a staircase to the Ecumenical Temple.
  7092 | Temple   | Entered the Ecumenical Temple
  7287 | D:7      | Reached skill level 8 in Fighting
  7606 | D:7      | Paralysed by fainting for 6 turns
  7856 | D:7      | Noticed Joseph
  7863 | D:7      | Cast into level 1 of the Abyss (Joseph)
  7863 | Abyss:1  | Found a corrupted altar of Lugonu.
  7942 | Abyss:1  | HP: 1/112 [large abomination (26)]
  7948 | Abyss:1  | Demolished by a large abomination

Vault maps used:
D:1:      mrwooster_arrival_statue, serial_forest, infiniplex_forest_end_2,
          infiniplex_forest_side_room, infiniplex_forest_lined_room_,
          infiniplex_forest_clump_double, infiniplex_forest_clump_diagonal,
          infiniplex_forest_corner_2, hangedman_decor_points
D:2:      makhleb_altar_promises_db, uniq_terence
D:4:      kennysheep_the_goblin_king, first_bread, minmay_misc_feat_room,
          nrook_uturn
D:5:      grunt_gozag_breadcrumbs
D:6:      enter_ossuary_2
D:7:      fedhas_altar_4, minmay_temple_entry_glass, uniq_joseph
Temple:   circular_temple_12
Abyss:1:  guppyfry_abyss_exit_glass_guarded
Ossuary:  ossuary_boxes_badplayer

Skill      XL: |  1  2  3  4  5  6  7  8  9 |
---------------+----------------------------+-----
Armour         | 2 3 4 6 7 |  7.5
Dodging        | 2 3 4 6 7 |  7.4
Fighting       | 3 4 5 7 8 |  8.4
Crossbows      | |  1.0
Throwing       | |  1.0
Shields        | |  1.0
Unarmed Combat | |  2.6

Action                   |  1- 3 |  4- 6 |  7- 9 || total
-------------------------+-------+-------+-------++-------
Melee: Club              |    26 |       |       ||    26
       Short sword       |   235 |    53 |       ||   288
       Spear             |       |   341 |       ||   341
       Flail             |       |    13 |    34 ||    47
       Quarterstaff      |       |       |   654 ||   654
Throw: Throwing net      |     3 |       |       ||     3
       Tomahawk          |       |       |     3 ||     3
Invok: Potion Petition   |       |       |     1 ||     1
       Call Merchant     |       |       |     1 ||     1
Evoke: Wand              |       |       |     6 ||     6
  Use: Scroll            |     4 |     3 |    11 ||    18
       Potion            |     2 |     3 |    11 ||    16
 Stab: Distracted        |       |       |     2 ||     2
  Eat: Chunk             |     3 |    11 |     1 ||    15
       Fruit             |       |       |     2 ||     2
       Pizza             |       |       |     2 ||     2
       Bread ration      |       |       |     4 ||     4
       Meat ration       |       |       |     2 ||     2
       Beef jerky        |       |       |     1 ||     1
